 Dungeon Crawl Stone Soup version 0.29-a0-25-g7f48f510a0 (webtiles) character file.

Game seed: 17879763949335430821

6146 Peloso the Carver (level 10, -16/90 HPs)
             Began as a Minotaur Fighter on Jan 31, 2022.
             Was a Priest of Okawaru.
             Demolished by Harold (28 damage)
             ... on level 9 of the Dungeon.
             The game lasted 00:14:02 (10027 turns).

Peloso the Carver (Minotaur Fighter)               Turns: 10027, Time: 00:14:02

Health: -16/90     AC: 17    Str: 23    XL:     10   Next: 59%
Magic:  6/9        EV: 11    Int:  5    God:    Okawaru [***...]
Gold:   476        SH:  7    Dex: 12    Spells: 9/9 levels left

rFire   . . .      SeeInvis .   a - +0 long sword
rCold   . . .      Faith    .   c - +0 buckler
rNeg    . . .      Spirit   .   f - +1 chain mail
rPois   .          Reflect  .   (helmet restricted)
rElec   .          Harm     .   n - +0 cloak
rCorr   .          Rampage  .   p - +0 pair of gloves
Will    .....                   (no boots)
Stlth   ..........              (no amulet)
HPRegen 0.25/turn               (no ring)
MPRegen 0.11/turn               (no ring)

@: heroic
A: horns 2, retaliatory headbutt
a: Renounce Religion, Heroism


You were on level 9 of the Dungeon.
You worshipped Okawaru.
Okawaru was most pleased with you.
You visited 2 branches of the dungeon, and saw 10 of its levels.
You also visited: Ossuary.

You collected 476 gold pieces.

Inventory:

Hand Weapons
 a - a +0 long sword (weapon)
Armour
 b - a +0 scale mail
 c - a +0 buckler (worn)
 f - a +1 chain mail (worn)
 n - a +0 cloak (worn)
 p - a +0 pair of gloves (worn)
Jewellery
 t - a +4 ring of evasion
 A - an amulet of faith
Wands
 o - a wand of paralysis (16)
 q - a wand of polymorph (13)
 u - a wand of flame (9)
Scrolls
 e - a scroll of magic mapping {unknown}
 j - 3 scrolls of teleportation
 k - a scroll of noise
 w - a scroll of enchant armour
 x - a scroll of fear {unknown}
 y - a scroll of torment {unknown}
 B - 2 scrolls of identify
 D - a scroll of immolation {unknown}
Potions
 d - a potion of curing {unknown}
 g - a potion of resistance {unknown}
 h - a potion of berserk rage {unknown}
 i - 2 potions of flight {unknown}
 l - 2 potions of ambrosia {unknown}
 m - 3 potions of heal wounds {unknown}
 r - a potion of magic {unknown}
 s - 2 potions of invisibility {unknown}
 v - a potion of degeneration {unknown}
 z - a potion of lignification {unknown}
 C - a potion of brilliance {unknown}


   Skills:
 + Level 8.8(13.8) Fighting
 + Level 12.5(17.5) Long Blades
 + Level 10.2(15.2) Armour
 + Level 3.9(8.9) Dodging
 + Level 1.0(6.0) Stealth
 + Level 6.7(11.7) Shields
 + Level 0.1 Invocations
 + Level 1.4 Evocations


You had 9 spell levels left.
You didn't know any spells.
Your spell library contained the following spells:

 Spells                   Type           Power      Damage    Failure   Level
 Apportation              Tloc           0%         N/A       95%         1
 Freeze                   Ice            0%         1d3       95%         1
 Frozen Ramparts          Ice            0%         1d2       100%        3
 Ignite Poison            Fire/Tmut/Pois 0%         N/A       100%        3
 Mephitic Cloud           Conj/Pois/Air  0%         N/A       100%        3
 Hailstorm                Conj/Ice       0%         3d3       100%        4
 Passage of Golubria      Tloc           0%         N/A       100%        4
 Freezing Cloud           Conj/Ice/Air   0%         6-21      100%        5
 Silence                  Hex/Air        0%         N/A       100%        5
 Lehudib's Crystal Spear  Conj/Erth      0%         10d2      100%        8
 Animate Skeleton         Necr           Unusable   N/A       N/A         1
 Summon Small Mammal      Summ           Unusable   N/A       N/A         1

Dungeon Overview and Level Annotations

Branches:
Dungeon (9/15)             Temple (1/1) D:6            Lair (0/6) D:8
Ossuary (visited)
    Orc: D:9-12

Altars:
Gozag
Nemelex Xobeh
Okawaru
Trog
Yredelemnul

Portals:
Abyss: D:5

Annotations:
D:5 2 transporters, Grim's ghost, novice FoFi
D:9 Harold


Innate Abilities, Weirdness & Mutations

You have a pair of horns on your head.
You reflexively headbutt those who attack you in melee.


Message History

You hit the yak.
You kill the yak!
Okawaru accepts your kill. Harold gestures at you while chanting.
You barely resist. You hit the yak.
The yak is lightly wounded.
The yak gores you but does no damage.
You slice the yak!!
The yak is severely wounded.
You slash the yak! You headbutt the yak.
You kill the yak!
Okawaru accepts your kill.
You hit Harold.
Harold is lightly wounded.
You block Harold's attack.
You hit Harold. Your headbutt misses Harold.
Harold is lightly wounded.
Harold barely misses you. You furiously retaliate!
You headbutt Harold, but do no damage. You slash Harold!
Harold is moderately wounded.
You slash Harold! You headbutt Harold.
Harold is heavily wounded.
Harold hits you with a +2 battleaxe of electrocution!!
You closely miss Harold. You headbutt Harold.
Harold is heavily wounded.
You feel like a meek peon again.
Harold hits you with a +2 battleaxe of electrocution!!
You hit Harold.
Harold is heavily wounded.
Harold hits you with a +2 battleaxe of electrocution!
* * * LOW HITPOINT WARNING * * *
You are electrocuted!
* * * LOW HITPOINT WARNING * * *
You barely miss Harold. You headbutt Harold.
Harold is heavily wounded.
You gain the combat prowess of a mighty hero.
Harold hits you with a +2 battleaxe of electrocution!!
You die...

#######
###################
.......
..................#
........ #
.##....#.......#.#
........ ..##.
#....#..##.....#
###.....
....YY##..............#
.....
....YY@@..............#
###.....
.....##+####+#####....#
........ ..# #....#
....## #.#..# ....#
#.#..# ###.# #....# #
#.# +..(.# ###.# #....#
....####### #..#.#


You could see Harold (strong) and 4 yaks.

Vanquished Creatures
  Erolcha (D:9)
  A troll (D:8)
  Prince Ribbit (D:7)
  2 yaks (D:9)
  A wyvern (D:8)
  Grum (D:9)
  4 water moccasins
  An acid dragon (D:7)
  An ice beast (D:7)
  4 sky beasts
  A black bear (D:4)
  A necrophage (D:6)
  A hornet zombie (D:6)
  2 centaurs
  3 ogres
  5 wolves
  A kobold brigand (D:8)
  2 elf zombies (Ossuary)
  2 bullfrogs
  7 scorpions
  A wyvern zombie (D:6)
  2 wyvern skeletons
  2 water moccasin skeletons
  4 killer bees (D:6)
  3 electric eels (D:8)
  A howler monkey (D:7)
  2 centaur zombies
  4 bullfrog zombies (D:6)
  2 bullfrog skeletons (D:6)
  A gnoll shaman (D:7)
  An orc priest (D:8)
  Crazy Yiuf (D:4)
  7 hounds
  4 jellies
  2 human zombies (Ossuary)
  2 iguanas (D:6)
  2 orc wizards
  A hound zombie (D:5)
  2 mummies (Ossuary)
  8 adders
  2 howler monkey skeletons
  7 gnolls
  An ufetubus (D:5)
  An adder zombie (Ossuary)
  3 dart slugs
  19 orcs
  3 endoplasms
  4 giant cockroaches
  9 goblins
  7 hobgoblins
  5 jackals
  5 quokkas
  7 ball pythons
  7 bats
  2 frilled lizards (D:1)
  A goblin zombie (Ossuary)
  7 hobgoblin zombies (Ossuary)
  A jackal zombie (Ossuary)
  12 kobolds
  9 kobold zombies (Ossuary)
  10 orc zombies (Ossuary)
  10 rats
  3 rat zombies (Ossuary)
229 creatures vanquished.

Vanquished Creatures (others)
  16 fungi (D:6)
16 creatures vanquished.

Grand Total: 245 creatures vanquished

Notes
Turn   | Place    | Note
-------+----------+-------------------------------------------
     0 | D:1      | Peloso the Minotaur Fighter began the quest for the Orb.
     0 | D:1      | Reached XP level 1. HP: 19/19 MP: 0/0
   235 | D:1      | Reached XP level 2. HP: 27/27 MP: 1/1
   748 | D:1      | Reached XP level 3. HP: 33/33 MP: 2/2
   751 | D:1      | Reached skill level 3 in Long Blades
  1018 | D:2      | Reached skill level 1 in Dodging
  1018 | D:2      | Reached XP level 4. HP: 32/40 MP: 3/3
  1032 | D:2      | Reached skill level 4 in Long Blades
  1187 | D:2      | Found a faded altar of an unknown god.
  1967 | D:3      | Reached XP level 5. HP: 43/46 MP: 4/4
  2300 | D:4      | Found a sand-covered staircase.
  2305 | Ossuary  | Entered an ossuary
  2486 | Ossuary  | Reached skill level 5 in Long Blades
  2853 | Ossuary  | Reached XP level 6. HP: 51/53 MP: 5/5
  2939 | Ossuary  | Reached skill level 6 in Long Blades
  2939 | Ossuary  | Reached skill level 5 in Armour
  3243 | D:4      | Reached XP level 7. HP: 51/60 MP: 6/6
  3433 | D:4      | Reached skill level 5 in Fighting
  3433 | D:4      | Reached skill level 7 in Long Blades
  3715 | D:4      | Reached skill level 5 in Shields
  3981 | D:4      | Found a runed translucent door.
  3982 | D:4      | Noticed Crazy Yiuf
  4271 | D:4      | Killed Crazy Yiuf
  4316 | D:5      | Entered Level 5 of the Dungeon
  4362 | D:5      | Reached XP level 8. HP: 67/69 MP: 7/7
  4402 | D:5      | Reached skill level 8 in Long Blades
  4607 | D:5      | Noticed Grim's ghost (novice FoFi)
  4611 | D:5      | Found a transporter.
  4759 | D:5      | Found a one-way gate to the infinite horrors of the Abyss.
  4802 | D:5      | Found a transporter.
  5278 | D:6      | Reached skill level 9 in Long Blades
  5569 | D:6      | Found a staircase to the Ecumenical Temple.
  5601 | Temple   | Entered the Ecumenical Temple
  5632 | Temple   | Became a worshipper of Warmaster Okawaru
  5759 | D:6      | Reached XP level 9. HP: 63/78 MP: 8/8
  5912 | D:6      | Reached skill level 10 in Long Blades
  6149 | D:6      | Reached * piety under Okawaru
  6802 | D:7      | Noticed Prince Ribbit
  6812 | D:7      | Killed Prince Ribbit
  6813 | D:7      | Reached skill level 11 in Long Blades
  7216 | D:7      | Found a basalt altar of Yredelemnul.
  7341 | D:7      | Reached ** piety under Okawaru
  8046 | D:8      | Noticed a troll
  8065 | D:8      | Killed a troll
  8066 | D:8      | Reached XP level 10. HP: 52/89 MP: 6/9
  8237 | D:8      | Reached skill level 1 in Stealth
  8811 | D:8      | Found a staircase to the Lair.
  9168 | D:8      | Reached *** piety under Okawaru
  9169 | D:8      | Reached skill level 12 in Long Blades
  9395 | D:9      | Noticed Erolcha
  9402 | D:9      | Killed Erolcha
  9403 | D:9      | Reached skill level 10 in Armour
  9444 | D:9      | Noticed Grum
  9454 | D:9      | Killed Grum
  9455 | D:9      | Reached skill level 1 in Evocations
 10005 | D:9      | Noticed Harold
 10027 | D:9      | Demolished by Harold

Illustrated notes

Levels and vault maps discovered:
D:1:      saegor_arrival_simple_b, layout_basic
D:2:      layout_loops_ring, basic_ecumenical_altar
D:3:      layout_rooms
D:4:      layout_loops_ring, lightli_ossuary_entry_decrepit_ruins,
          uniq_crazy_yiuf_cottage
D:5:      layout_cave_pods, gammafunk_ghost_abyssal_escape
D:6:      old_forge, layout_rooms, minmay_temple_entry_ruins, serial_undead,
          serial_undead_c, serial_undead_c, serial_undead_a, serial_undead_d,
          feat_on_display
D:7:      layout_cave_pools, yredelemnul_altar_generic, grunt_tough_drop,
          uniq_prince_ribbit1
D:8:      layout_basic, erik_lair_island
D:9:      layout_stronghold, amcnicky_mini_corridor_feature, uniq_grum,
          uniq_erolcha, uniq_harold
Temple:   mainiacjoe_temple_archimedes_tessellation

Skill      XL: |  1  2  3  4  5  6  7  8  9 10 |
---------------+-------------------------------+-----
Armour         | 4 5 6 7 9 10 | 10.2
Fighting       | 4 5 6 8 |  8.8
Long Blades    | 3 4 5 6 7 9 11 12 | 12.5
Dodging        | 1 2 3 |  3.9
Shields        | 4 5 6 |  6.7
Stealth        | 1 |  1.0
Evocations     | 1 |  1.4
Invocations    | |  0.1

Action                   |  1- 3 |  4- 6 |  7- 9 | 10-12 || total
-------------------------+-------+-------+-------+-------++-------
Melee: Long sword        |    90 |   181 |   340 |   121 ||   732
       Headbutt          |     8 |    38 |    66 |    21 ||   133
Invok: Heroism           |       |       |     1 |     3 ||     4
Evoke: Wand              |       |       |       |     7 ||     7
  Use: Scroll            |       |     2 |     3 |       ||     5
       Potion            |       |       |     1 |       ||     1
Armor: Scale mail        |    42 |    65 |    26 |       ||   133
       Chain mail        |       |       |   122 |    65 ||   187
Dodge: Dodged            |    40 |    75 |   110 |    55 ||   280
Block: Buckler           |    23 |    39 |    66 |    39 ||   167

Table legend: (Time is in decaauts)
 A = Elapsed time spent in this place.
 B = Non-inter-level travel time spent in this place.
 C = Inter-level travel time spent in this place.
 D = Time resting spent in this place.
 E = Time spent auto-exploring this place.
 F = Levels seen in this place.
 G = Mean time per level.
                   A        B        C        D        E       F      G
               +--------+--------+--------+--------+--------+-----+--------+
         Total |  10053 |   9894 |    159 |    915 |   7055 |  11 |  913.9 |
       Dungeon |   9220 |   9061 |    159 |    669 |   6819 |   9 | 1024.4 |
        Temple |     72 |     72 |      0 |      0 |     19 |   1 |   72.0 |
       Ossuary |    760 |    760 |      0 |    246 |    217 |   1 |  760.0 |
               +--------+--------+--------+--------+--------+-----+--------+

Top non-repeatable levels by time:
     D:6: 1458 daAuts
     D:8: 1372 daAuts
     D:4: 1299 daAuts
     D:7: 1076 daAuts
     D:2: 949 daAuts
     D:5: 934 daAuts
     D:1: 809 daAuts
 Ossuary: 760 daAuts
     D:9: 756 daAuts
     D:3: 564 daAuts
  Temple: 72 daAuts
